 Dungeon Crawl Stone Soup version 0.31-a0-182-gc5ef74bbde (webtiles) character file.

Game seed: 10801005715657537769

16590 qw the Cleaver (level 12, -1/77 HPs)
             Began as a Gargoyle Fighter on June 20, 2023.
             Was an Elder of Okawaru.
             Killed from afar by a bog body (43 damage)
             ... with a bolt of cold
             ... on level 3 of the Lair of Beasts.
             The game lasted 00:04:50 (10244 turns).

qw the Cleaver (Gargoyle Fighter)                  Turns: 10244, Time: 00:04:50

Health: -1/77      AC: 32    Str: 24    XL:     12   Next: 39%
Magic:  17/18      EV: 14    Int: 10    God:    Okawaru [****..]
Gold:   781        SH:  6    Dex:  9    Spells: 11/11 levels left

rFire   . . .        Y - +2 war axe (venom)
rCold   . . .        c - +0 buckler
rNeg    + . .        j - +0 plate armour
rPois   inf          q - +1 hat
rElec   +            o - +0 cloak
rCorr   .            f - +1 pair of gloves
SInv    .            k - +0 pair of boots
Will    .....        (no amulet) Stlth
                     m - +5 ring of evasion
HPRegen 0.32/turn    (no ring)
MPRegen 0.16/turn

%: no passive effects
@: heroic
A: sickness immunity, AC +8, negative energy resistance 1, electricity
resistance, torment resistance 1, petrification resistance
a: Renounce Religion, Heroism, Finesse


You were on level 3 of the Lair of Beasts.
You worshipped Okawaru.
Okawaru was greatly pleased with you.
You visited 3 branches of the dungeon, and saw 12 of its levels.

You collected 781 gold pieces.


Innate Abilities, Weirdness & Mutations

You are immune to sickness and miasma.
Your stone body is resilient. (AC +8)
You are immune to poison.
You resist negative energy. (rN+)
You are resistant to electric shocks. (rElec)
You are resistant to unholy torment.
You are immune to petrification.


   Skills:
 - Level 10.2(15.2) Fighting
 + Level 12.0(17.0) Axes
 - Level 1.4(6.4) Throwing
 - Level 9.0(14.0) Armour
 - Level 2.2(7.2) Dodging
 - Level 6.0(11.0) Shields
 + Level 8.8 Invocations


You had 11 spell levels left.
You didn't know any spells.
Your spell library was empty.

Inventory:

Hand Weapons
 i - a +1 morningstar of venom
 Y - a +2 war axe of venom (weapon)
Armour
 c - a +0 buckler (worn)
 f - a +1 pair of gloves (worn)
 j - a +0 plate armour (worn)
 k - a +0 pair of boots (worn)
 o - a +0 cloak (worn)
 q - a +1 hat (worn)
 v - a +2 hat of stealth
Jewellery
 b - an amulet of guardian spirit
 m - a +5 ring of evasion (left hand)
 n - a ring of ice
Scrolls
 g - 5 scrolls of teleportation
 p - 2 scrolls of identify
 s - 3 scrolls of silence {unknown}
Potions
 a - a potion of enlightenment
 d - a potion of might
 e - 4 potions of curing
 h - a potion of resistance
 l - a potion of attraction
 r - 2 potions of heal wounds
 t - a potion of cancellation
 u - a potion of ambrosia {unknown}

Dungeon Overview and Level Annotations

Branches:
Dungeon (8/15)             Temple (1/1) D:7            Lair (3/5) D:8
  Swamp (0/4) Lair:3        Snake (0/4) Lair:2

Altars:
Ashenzari
Cheibriados
Dithmenos
Elyvilon
Fedhas
Gozag
Hepliaklqana
Kikubaaqudgha
Makhleb
Nemelex Xobeh
Okawaru
Qazlal
Ru
Sif Muna
Trog
Uskayaw
Vehumet
Wu Jian
Xom
Yredelemnul
Zin
The Shining One

Annotations:
D:2 1 runed translucent door, Crazy Yiuf
D:6 3 runed translucent doors, qw's ghost, novice GrFi


Message History

The bolt of cold hits the fungus!!
The bolt of cold hits you!
You slash the bog body!
The bog body is heavily damaged.
You hit the fungus.
The bog body points at you and mumbles some strange words.
The bolt of cold hits the fungus!!!
The bolt of cold hits you!
You slice the bog body!!
You destroy the bog body!
Okawaru is honoured by your kill.
You hit the fungus but do no damage.
Enter note: You slash the fungus!
The fungus is severely damaged.
A nearby fungus withers and dies.
The bog body casts a spell at you.
The bolt of cold hits you but does no damage.
The polar bear bites you but does no damage.
You block the polar bear's attack. The polar bear barely misses you.
You see here a bog body corpse.
Enter note: You slash the bog body!
The bog body is moderately damaged.
You slash the polar bear!
The polar bear is poisoned.
You block the bog body's attack. The polar bear bites you.
The polar bear closely misses you. You block the polar bear's attack.
You slash the bog body!
The bog body is heavily damaged.
You hit the polar bear but do no damage.
The polar bear looks as sick as possible!
The bog body closely misses you. The polar bear bites you.
The polar bear closely misses you.
The polar bear claws you but does no damage.
You closely miss the bog body.
The bog body is heavily damaged.
You slash the polar bear!
The polar bear looks as sick as possible!
The bog body casts a spell at you. The bolt of cold hits you!!!
Ouch! That really hurt!
You die...

#..........#.# ## #..
#............##.# #...
......###......###....
.....# ##.........#
..... ####.....##
......########%..##
#P.....¤P..##...##
##...............#
¤.¤..¤h@.......#
¤¤¤7¤.n.###.....#
.¤¤¤¤7¤.# ####...#
¤¤¤¤~¤.## ...# ¤¤¤¤¤~.
#..# ¤¤~77¤. ...# #.
... ..# .#.#


You could see a polar bear (extremely poisoned) and a bog body.

Vanquished Creatures
  Gastronok (Lair:3)
  Fannar (Lair:1)
  A bog body (Lair:3)
  4 elephants (Lair:1)
  A black mamba (Lair:1)
  6 cane toads (Lair:1)
  2 rime drakes
  2 polar bears
  12 blink frogs
  2 wyverns (Lair:1)
  11 yaks
  2 basilisks
  A steam dragon (D:6)
  4 nagas (Lair:2)
  3 water moccasins
  4 ice beasts (D:8)
  3 sky beasts
  7 black bears
  3 ogres
  18 wolves
  3 centaurs
  3 kobold brigands (D:7)
  7 bullfrogs
  2 scorpions (D:6)
  A wight (D:6)
  3 howler monkeys (D:8)
  An electric eel (D:8)
  2 jellies
  An orc priest (D:4)
  2 hounds
  A sleepcap (D:4)
  Jessica (D:2)
  Terence (D:3)
  5 orc wizards
  4 iguanas
  6 adders
  A shadow imp (D:6)
  3 white imps
  3 ufetubi
  3 dart slugs
  26 orcs
  5 endoplasms
  4 giant cockroaches
  3 goblins
  7 hobgoblins
  18 kobolds
  3 quokkas
  10 ball pythons
  3 bats
  3 frilled lizards
  5 rats
  A butterfly (Lair:1)
229 creatures vanquished.

Notes
Turn   | Place    | Note
-------+----------+-------------------------------------------
     0 | D:1      | qw the Gargoyle Fighter began the quest for the Orb.
     0 | D:1      | Reached XP level 1. HP: 14/14 MP: 1/1
     0 | D:1      | 0 ||| qw: Version: 0.3-a-9-g12657ce
     0 | D:1      | 0 ||| qw: Game counter: 1191
     0 | D:1      | 0 ||| qw: Always use a shield: true
     0 | D:1      | 0 ||| qw: God list: Okawaru
     0 | D:1      | 0 ||| qw: Allow faded altars: false
     0 | D:1      | 0 ||| qw: Do Orc after D:15 true
     0 | D:1      | 0 ||| qw: Do second Lair branch before Depths: true
     0 | D:1      | 0 ||| qw: Lair rune preference: random
     0 | D:1      | 0 ||| qw: Plans: Normal, Zot:1-4, Slime:5, God:TSO, Crypt,
                  | Tomb, Abyss, Pan, Hells, Win
     0 | D:1      | 0 ||| PLANNING D:1-11
    45 | D:1      | Reached skill level 2 in Axes
   108 | D:1      | Reached XP level 2. HP: 19/19 MP: 2/2
   359 | D:1      | 359 ||| Stepping ~*~*~tactically~*~*~ (hiding).
   589 | D:1      | 589 ||| READING scroll labelled QOQIFAEPEI.
   590 | D:1      | 590 ||| READING scroll labelled ZOEJEA WAFUPSOU.
   591 | D:1      | 591 ||| READING scroll labelled LAX JYRHURAL.
   631 | D:2      | Noticed Jessica
   632 | D:2      | 632 ||| Stepping ~*~*~tactically~*~*~ (hiding).
   638 | D:2      | Killed Jessica
   639 | D:2      | Reached skill level 3 in Axes
   639 | D:2      | Reached XP level 3. HP: 23/23 MP: 3/3
   818 | D:2      | Identified the +1 leather armour of Caduyrri {rN++}
   839 | D:2      | Identified the +0 ring mail of Magic {Will++ Regen+}
  1308 | D:2      | Found a runed translucent door.
  1309 | D:2      | Noticed Crazy Yiuf
  1348 | D:2      | 1348 ||| DROPPING +1 leather armour of Caduyrri {rN++}.
  1349 | D:2      | 1349 ||| UPGRADING to +0 ring mail of Magic {Will++
                  | Regen+}.
  1359 | D:2      | 1359 ||| DROPPING +0 scale mail.
  1360 | D:2      | 1360 ||| UPGRADING to +5 ring of evasion.
  1361 | D:2      | 1361 ||| READING scroll labelled VIKKOASMI ODIN.
  1362 | D:2      | 1362 ||| READING scroll labelled MUAREA ONWI.
  1445 | D:2      | 1445 ||| READING scroll labelled LIERUH OB LENT.
  1512 | D:3      | Reached XP level 4. HP: 20/28 MP: 4/4
  1516 | D:3      | Reached skill level 4 in Axes
  1568 | D:3      | 1568 ||| Stepping ~*~*~tactically~*~*~ (stealth).
  1604 | D:3      | 1604 ||| DROPPING +0 mace.
  1667 | D:3      | Noticed Terence
  1676 | D:3      | Killed Terence
  1677 | D:3      | Reached XP level 5. HP: 32/32 MP: 5/5
  1679 | D:3      | 1679 ||| DROPPING +0 flail.
  1730 | D:3      | 1730 ||| Stepping ~*~*~tactically~*~*~ (stealth).
  1799 | D:3      | Found a faded altar of an unknown god.
  2136 | D:3      | 2136 ||| UPGRADING to +0 plate armour.
  2146 | D:3      | 2146 ||| DROPPING +0 ring mail of Magic {Will++ Regen+}.
  2147 | D:3      | 2147 ||| UPGRADING to amulet of guardian spirit.
  2152 | D:3      | 2152 ||| READING scroll labelled JAACOS BUIS.
  2153 | D:3      | 2153 ||| READING scroll labelled ZAGAISCH PIMM.
  2154 | D:3      | 2154 ||| DRINKING 2 smoky brown potions.
  2207 | D:4      | Reached skill level 5 in Axes
  2286 | D:4      | Reached XP level 6. HP: 21/38 MP: 2/6
  2481 | D:4      | 2481 ||| Stepping ~*~*~tactically~*~*~ (stealth).
  2482 | D:4      | 2482 ||| Stepping ~*~*~tactically~*~*~ (stealth).
  2484 | D:4      | 2484 ||| Stepping ~*~*~tactically~*~*~ (hiding).
  2540 | D:4      | 2540 ||| Stepping ~*~*~tactically~*~*~ (hiding).
  2542 | D:4      | 2542 ||| Stepping ~*~*~tactically~*~*~ (hiding).
  2543 | D:4      | 2543 ||| Stepping ~*~*~tactically~*~*~ (hiding).
  2544 | D:4      | 2544 ||| Stepping ~*~*~tactically~*~*~ (hiding).
  2545 | D:4      | 2545 ||| Stepping ~*~*~tactically~*~*~ (hiding).
  2551 | D:4      | 2551 ||| FLEEEEING.
  2552 | D:4      | 2552 ||| FLEEEEING.
  2553 | D:4      | 2553 ||| FLEEEEING.
  2554 | D:4      | 2554 ||| FLEEEEING.
  2555 | D:4      | 2555 ||| FLEEEEING.
  2556 | D:4      | 2556 ||| FLEEEEING.
  2557 | D:4      | 2557 ||| FLEEEEING.
  2558 | D:4      | 2558 ||| FLEEEEING.
  2559 | D:4      | 2559 ||| FLEEEEING.
  2560 | D:4      | 2560 ||| FLEEEEING.
  2561 | D:4      | 2561 ||| FLEEEEING.
  2562 | D:4      | 2562 ||| FLEEEEING.
  2563 | D:4      | 2563 ||| FLEEEEING.
  2564 | D:4      | 2564 ||| FLEEEEING.
  2565 | D:4      | 2565 ||| FLEEEEING.
  2566 | D:4      | 2566 ||| FLEEEEING.
  2577 | D:4      | 2577 ||| FLEEEEING.
  2578 | D:4      | 2578 ||| FLEEEEING.
  2579 | D:4      | 2579 ||| FLEEEEING.
  2580 | D:4      | 2580 ||| FLEEEEING.
  2587 | D:4      | 2587 ||| FLEEEEING.
  2588 | D:4      | 2588 ||| FLEEEEING.
  2594 | D:4      | 2594 ||| FLEEEEING.
  2595 | D:4      | 2595 ||| FLEEEEING.
  2596 | D:4      | 2596 ||| FLEEEEING.
  2599 | D:4      | 2599 ||| FLEEEEING.
  2600 | D:4      | 2600 ||| FLEEEEING.
  2603 | D:4      | 2603 ||| FLEEEEING.
  2606 | D:4      | 2606 ||| STAIRDANCE
  2626 | D:3      | 2626 ||| UPGRADING to +0 pair of boots.
  2631 | D:3      | 2631 ||| READING scroll labelled WITEUT HUDODGHYI.
  2721 | D:4      | 2721 ||| Stepping ~*~*~tactically~*~*~ (stealth).
  2728 | D:4      | 2728 ||| Stepping ~*~*~tactically~*~*~ (hiding).
  2823 | D:4      | 2823 ||| FLEEEEING.
  2824 | D:4      | 2824 ||| FLEEEEING.
  2826 | D:4      | 2826 ||| FLEEEEING.
  2827 | D:4      | 2827 ||| FLEEEEING.
  2828 | D:4      | 2828 ||| FLEEEEING.
  2829 | D:4      | 2829 ||| FLEEEEING.
  2836 | D:4      | 2836 ||| Stepping ~*~*~tactically~*~*~ (hiding).
  2996 | D:4      | 2996 ||| UPGRADING to +0 cloak.
  3001 | D:4      | 3001 ||| UPGRADING to +1 hat.
  3006 | D:4      | 3006 ||| READING scroll labelled ZISEXZEFUO.
  3035 | D:5      | Entered Level 5 of the Dungeon
  3040 | D:5      | Found a glowing silver altar of Zin.
  3042 | D:5      | Found a radiant altar of Vehumet.
  3043 | D:5      | Found an ornate altar of the Wu Jian Council.
  3043 | D:5      | Found a blossoming altar of Fedhas.
  3044 | D:5      | Found a hide-covered altar of Uskayaw.
  3045 | D:5      | Found a sparkling altar of Nemelex Xobeh.
  3201 | D:5      | Reached skill level 6 in Axes
  3311 | D:5      | 3311 ||| Stepping ~*~*~tactically~*~*~ (hiding).
  3312 | D:5      | 3312 ||| Stepping ~*~*~tactically~*~*~ (hiding).
  3590 | D:5      | 3590 ||| Stepping ~*~*~tactically~*~*~ (hiding).
  3598 | D:5      | Reached XP level 7. HP: 34/43 MP: 4/7
  3876 | D:5      | Reached skill level 7 in Axes
  3931 | D:5      | 3931 ||| DRINKING 2 viscous dark potions.
  3948 | D:6      | Noticed qw's ghost (novice GrFi)
  3948 | D:6      | Found a runed translucent gate.
  3948 | D:6      | Found a runed translucent gate.
  3948 | D:6      | Found a runed translucent gate.
  4026 | D:6      | Reached skill level 1 in Dodging
  4026 | D:6      | Reached XP level 8. HP: 40/49 MP: 6/8
  4205 | D:6      | Reached skill level 1 in Throwing
  4459 | D:6      | 4459 ||| Stepping ~*~*~tactically~*~*~ (cloud).
  4668 | D:6      | 4668 ||| Stepping ~*~*~tactically~*~*~ (hiding).
  5089 | D:6      | Reached skill level 8 in Axes
  5099 | D:6      | Reached XP level 9. HP: 15/55 MP: 3/9
  5275 | D:6      | 5275 ||| DRINKING 3 red potions.
  5276 | D:6      | 5276 ||| READING 2 scrolls of identify.
  5276 | D:6      | 5276 ||| IDENTIFYING sedimented clear potion
  5277 | D:6      | 5277 ||| DROPPING potion of degeneration.
  5335 | D:7      | Found a staircase to the Ecumenical Temple.
  5336 | D:7      | 5336 ||| PLANNING TEMPLE
  5339 | D:7      | 5339 ||| Stepping ~*~*~tactically~*~*~ (stealth).
  5361 | Temple   | Entered the Ecumenical Temple
  5362 | Temple   | 5362 ||| PLANNING OKAWARU WORSHIP
  5545 | Temple   | Became a worshipper of Warmaster Okawaru
  5546 | Temple   | 5546 ||| PLANNING D:1-11
  5546 | Temple   | 5546 ||| REMOVING amulet of guardian spirit.
  5558 | D:7      | 5558 ||| Stepping ~*~*~tactically~*~*~ (stealth).
  5559 | D:7      | 5559 ||| Stepping ~*~*~tactically~*~*~ (stealth).
  5560 | D:7      | 5560 ||| Stepping ~*~*~tactically~*~*~ (stealth).
  5561 | D:7      | 5561 ||| Stepping ~*~*~tactically~*~*~ (stealth).
  5564 | D:7      | 5564 ||| Stepping ~*~*~tactically~*~*~ (stealth).
  5565 | D:7      | 5565 ||| Stepping ~*~*~tactically~*~*~ (stealth).
  5577 | D:7      | Reached skill level 6 in Fighting
  5752 | D:7      | 5752 ||| Stepping ~*~*~tactically~*~*~ (hiding).
  5754 | D:7      | 5754 ||| Stepping ~*~*~tactically~*~*~ (hiding).
  5860 | D:7      | 5860 ||| Stepping ~*~*~tactically~*~*~ (hiding).
  5863 | D:7      | 5863 ||| Stepping ~*~*~tactically~*~*~ (hiding).
  6004 | D:7      | 6004 ||| Stepping ~*~*~tactically~*~*~ (stealth).
  6009 | D:7      | 6009 ||| Stepping ~*~*~tactically~*~*~ (stealth).
  6010 | D:7      | 6010 ||| Stepping ~*~*~tactically~*~*~ (stealth).
  6011 | D:7      | 6011 ||| Stepping ~*~*~tactically~*~*~ (stealth).
  6012 | D:7      | 6012 ||| Stepping ~*~*~tactically~*~*~ (hiding).
  6013 | D:7      | 6013 ||| Stepping ~*~*~tactically~*~*~ (hiding).
  6014 | D:7      | 6014 ||| Stepping ~*~*~tactically~*~*~ (hiding).
  6020 | D:7      | Reached skill level 9 in Axes
  6216 | D:7      | 6216 ||| Stepping ~*~*~tactically~*~*~ (hiding).
  6218 | D:7      | 6218 ||| Stepping ~*~*~tactically~*~*~ (hiding).
  6452 | D:7      | 6452 ||| UPGRADING to +1 pair of gloves.
  6457 | D:7      | 6457 ||| READING 3 scrolls of identify.
  6457 | D:7      | 6457 ||| IDENTIFYING gluggy blue potion
  6458 | D:7      | 6458 ||| READING 2 scrolls of identify.
  6458 | D:7      | 6458 ||| IDENTIFYING fuming sapphire potion
  6459 | D:7      | 6459 ||| DROPPING potion of brilliance.
  6539 | D:8      | 6539 ||| Stepping ~*~*~tactically~*~*~ (stealth).
  6540 | D:8      | 6540 ||| Stepping ~*~*~tactically~*~*~ (stealth).
  6562 | D:8      | Reached * piety under Okawaru
  6563 | D:8      | Reached skill level 6 in Armour
  6591 | D:8      | 6591 ||| Stepping ~*~*~tactically~*~*~ (stealth).
  6602 | D:8      | Reached skill level 1 in Invocations
  6615 | D:8      | Noticed a polar bear
  6616 | D:8      | 6616 ||| INVOKING Heroism.
  6618 | D:8      | Noticed a rime drake
  6620 | D:8      | 6620 ||| Stepping ~*~*~tactically~*~*~ (hiding).
  6629 | D:8      | Killed a rime drake
  6630 | D:8      | Reached skill level 3 in Invocations
  6630 | D:8      | 6630 ||| INVOKING Heroism.
  6631 | D:8      | Killed a polar bear
  6682 | D:8      | Found a staircase to the Lair.
  6688 | D:8      | 6688 ||| Stepping ~*~*~tactically~*~*~ (stealth).
  6700 | D:8      | Reached XP level 10. HP: 56/63 MP: 13/13
  6856 | D:8      | 6856 ||| READING scroll of enchant weapon.
  6856 | D:8      | 6856 ||| ENCHANTING +1 war axe of venom.
  6906 | D:8      | 6906 ||| INVOKING Heroism.
  6908 | D:8      | 6908 ||| Stepping ~*~*~tactically~*~*~ (hiding).
  7311 | D:8      | 7311 ||| Stepping ~*~*~tactically~*~*~ (hiding).
  7313 | D:8      | 7313 ||| Stepping ~*~*~tactically~*~*~ (hiding).
  7317 | D:8      | Reached ** piety under Okawaru
  7453 | D:8      | 7453 ||| PLANNING LAIR
  7453 | D:8      | 7453 ||| READING scroll labelled OTEACRA TEOHI.
  7454 | D:8      | 7454 ||| READING 3 scrolls of identify.
  7454 | D:8      | 7454 ||| IDENTIFYING emerald potion
  7455 | D:8      | 7455 ||| READING 2 scrolls of identify.
  7455 | D:8      | 7455 ||| IDENTIFYING glowing red potion
  7456 | D:8      | 7456 ||| DROPPING potion of berserk rage.
  7477 | Lair:1   | Entered Level 1 of the Lair of Beasts
  7477 | Lair:1   | You fall into a shaft and drop 1 floor!
  7477 | Lair:2   | Found a staircase to the Snake Pit.
  7480 | Lair:2   | 7480 ||| INVOKING Heroism.
  7485 | Lair:2   | Reached skill level 10 in Axes
  7596 | Lair:2   | 7596 ||| INVOKING Heroism.
  7658 | Lair:2   | Reached *** piety under Okawaru
  7659 | Lair:2   | 7659 ||| INVOKING Heroism.
  7675 | Lair:2   | 7675 ||| INVOKING Heroism.
  7689 | Lair:2   | Reached skill level 11 in Axes
  7822 | Lair:2   | 7822 ||| INVOKING Heroism.
  7846 | Lair:2   | 7846 ||| INVOKING Heroism.
  7852 | Lair:2   | Reached XP level 11. HP: 62/69 MP: 11/14
  7883 | Lair:1   | 7883 ||| INVOKING Heroism.
  7910 | Lair:1   | Noticed Fannar
  7911 | Lair:1   | 7911 ||| INVOKING Heroism.
  7929 | Lair:1   | Reached skill level 9 in Fighting
  7943 | Lair:1   | Killed Fannar
  8071 | Lair:1   | 8071 ||| INVOKING Heroism.
  8072 | Lair:1   | 8072 ||| Stepping ~*~*~tactically~*~*~ (stealth).
  8086 | Lair:1   | Reached **** piety under Okawaru
  8127 | Lair:1   | 8127 ||| INVOKING Heroism.
  8141 | Lair:1   | Reached skill level 12 in Axes
  8155 | Lair:1   | Reached ***** piety under Okawaru
  8157 | Lair:1   | 8157 ||| INVOKING Heroism.
  8182 | Lair:1   | 8182 ||| INVOKING Heroism.
  8188 | Lair:1   | Reached skill level 9 in Armour
  8188 | Lair:1   | Reached skill level 6 in Invocations
  8354 | Lair:1   | 8354 ||| Stepping ~*~*~tactically~*~*~ (stealth).
  8356 | Lair:1   | 8356 ||| INVOKING Heroism.
  8362 | Lair:1   | 8362 ||| Stepping ~*~*~tactically~*~*~ (stealth).
  8363 | Lair:1   | 8363 ||| Stepping ~*~*~tactically~*~*~ (stealth).
  8386 | Lair:1   | 8386 ||| INVOKING Heroism.
  8406 | Lair:1   | 8406 ||| INVOKING Heroism.
  8450 | Lair:1   | 8450 ||| INVOKING Heroism.
  8507 | Lair:1   | Reached skill level 6 in Shields
  8545 | Lair:1   | 8545 ||| INVOKING Heroism.
  8548 | Lair:1   | Reached XP level 12. HP: 44/76 MP: 14/17
  8965 | Lair:1   | 8965 ||| READING 2 scrolls of identify.
  8965 | Lair:1   | 8965 ||| IDENTIFYING amethyst potion
  9045 | Lair:2   | Found the +5 robe of Misfortune {Harm *Corrode *Slow EV+5}
  9814 | Lair:2   | 9814 ||| DROPPING ring of flight.
  9815 | Lair:2   | 9815 ||| READING 2 scrolls of identify.
  9815 | Lair:2   | 9815 ||| IDENTIFYING black potion
  9816 | Lair:2   | 9816 ||| DROPPING potion of invisibility.
  9839 | Lair:3   | 9839 ||| Stepping ~*~*~tactically~*~*~ (stealth).
  9840 | Lair:3   | 9840 ||| Stepping ~*~*~tactically~*~*~ (stealth).
 10124 | Lair:3   | Noticed Gastronok
 10125 | Lair:3   | 10125 ||| Stepping ~*~*~tactically~*~*~ (hiding).
 10127 | Lair:3   | 10127 ||| Stepping ~*~*~tactically~*~*~ (hiding).
 10129 | Lair:3   | 10129 ||| INVOKING Heroism.
 10147 | Lair:3   | Killed Gastronok
 10149 | Lair:3   | 10149 ||| Stepping ~*~*~tactically~*~*~ (stealth).
 10231 | Lair:3   | Found a staircase to the Swamp.
 10233 | Lair:3   | 10233 ||| Stepping ~*~*~tactically~*~*~ (hiding).
 10237 | Lair:3   | 10237 ||| INVOKING Heroism.
 10244 | Lair:3   | Killed from afar by a bog body

Levels and vault maps discovered:
D:1:      amcnicky_arrival_wind_blow, layout_basic, serial_bayou_lagoon_a
D:2:      layout_basic, uniq_crazy_yiuf_cottage, uniq_jessica
D:3:      layout_basic, hellmonk_ecumenical_altar_zigzags, uniq_terence
D:4:      layout_basic
D:5:      layout_loops_ring, grunt_temple_overflow_open
D:6:      minmay_chambers_of_threes, layout_basic, gammafunk_ghost_split
D:7:      nicolae_cairo_tiling_large_dashed, layout_loops_ring
D:8:      layout_basic, hellmonk_lair_entry_icy, serial_corexii_hall,
          corexii_hall_statues_x, corexii_hall_statues_i,
          corexii_hall_statues_i, corexii_hall_statues_u,
          chequers_hall_statues_corner_a, corexii_hall_statues_x
Temple:   eino_temple_rhombus
Lair:1:   layout_cellular_growth, beast_lair_carwin_9,
          infiniplex_staircase_pool, lemuel_fruit_fields, lemuel_fruit_fields,
          uniq_fannar
Lair:2:   layout_cave_pods, minmay_snake_entry_guardpost_small,
          serial_bayou_shore_b, serial_bayou_shore_b
Lair:3:   layout_layer_cave, skrybe_swamp_entry_bodies, uniq_gastronok

Skill      XL: |  1  2  3  4  5  6  7  8  9 10 11 12 |
---------------+-------------------------------------+-----
Axes           | 2 3 4 5 6 7 8 9 11 12 | 12.0
Fighting       | 4 5 7 8 9 10 | 10.2
Armour         | 4 5 6 7 9 |  9.0
Dodging        | 1 2 |  2.2
Throwing       | 1 |  1.4
Shields        | 4 5 6 |  6.0
Invocations    | 4 7 8 |  8.8

Action                     |  1- 3 |  4- 6 |  7- 9 | 10-12 || total
---------------------------+-------+-------+-------+-------++-------
  Melee: War axe           |    43 |   155 |   196 |   338 ||   732
  Throw: Boomerang         |    31 |    71 |    18 |       ||   120
 Invoke: Heroism           |       |       |     2 |    20 ||    22
    Use: Scroll            |     6 |     4 |     3 |     6 ||    19
         Potion            |       |     1 |     2 |       ||     3
 Armour: Scale mail        |    11 |       |       |       ||    11
         Ring mail         |       |    14 |       |       ||    14
         Plate armour      |       |    67 |   108 |   172 ||   347
  Dodge: Dodged            |    18 |    88 |   110 |   177 ||   393
  Block: Buckler           |    10 |    24 |    31 |    90 ||   155

Table legend:
 A = Non-vault XP
 B = Vault XP
 C = Vault XP percentage of total XP
 D = Non-vault monster count
 E = Vault monster count
 F = Vault count percentage of total count
                 A         B        C        D         E       F
            +---------+---------+-------+---------+---------+-------
      Total |   16453 |    7247 |  30.6 |     194 |      34 |  14.9
            +---------+---------+-------+---------+---------+-------
        D:1 |      16 |       0 |   0.0 |      11 |       0 |   0.0
        D:2 |      14 |      37 |  72.5 |       8 |       1 |  11.1
        D:3 |     123 |      36 |  22.6 |      29 |       1 |   3.3
        D:4 |     275 |       0 |   0.0 |      33 |       0 |   0.0
        D:5 |     476 |       0 |   0.0 |      11 |       0 |   0.0
        D:6 |     695 |     718 |  50.8 |       9 |      12 |  57.1
        D:7 |     872 |       0 |   0.0 |      21 |       0 |   0.0
        D:8 |     685 |    1258 |  64.7 |      12 |       7 |  36.8
     Lair:1 |    7220 |    2311 |  24.2 |      26 |       7 |  21.2
     Lair:2 |    5103 |     646 |  11.2 |      26 |       4 |  13.3
     Lair:3 |     974 |    2241 |  69.7 |       8 |       2 |  20.0
            +---------+---------+-------+---------+---------+-------
